 Dungeon Crawl Stone Soup version 0.23-a0-650-ga4d50d4 (webtiles) character file.

15 Borgoz the Sneak (level 2, -1/18 HPs)
             Began as a Kobold Assassin on Jan 2, 2019.
             Slain by a gnoll
             ... wielding a +0 halberd
              (4 damage)
             ... on level 2 of the Dungeon.
             The game lasted 00:01:15 (1024 turns).

Borgoz the Sneak (Kobold Assassin)                  Turns: 1024, Time: 00:01:15

Health: -1/18      AC:  3    Str:  8    XL:     2   Next: 65%
Magic:  2/2        EV: 14    Int: 12    God:
Gold:   92         SH:  0    Dex: 16    Spells: 1/1 levels left

rFire    . . .     SeeInvis .   a - +1 dagger (venom)
rCold    . . .     Gourm    .   (shield restricted)
rNeg     . . .     Faith    .   c - +0 robe
rPois    .         Spirit   .   (no helmet)
rElec    .         Reflect  .   d - +0 cloak
rCorr    .         Harm     .   (no gloves)
MR       .....                  (no boots)
Stlth    +++.......             (no amulet)
HPRegen  0.06/turn              (no ring)
MPRegen  0.08/turn              (no ring)

@: no status effects
A: small, carnivore
a: no special abilities


You were on level 2 of the Dungeon.
You were full.

You visited 1 branch of the dungeon, and saw 2 of its levels.

You collected 92 gold pieces.

Inventory:

Hand Weapons
 a - a +1 dagger of venom (weapon)
 b - a +0 blowgun
Missiles
 e - 14 poisoned needles
 f - 2 curare-tipped needles
Armour
 c - a +0 robe (worn)
 d - a +0 cloak (worn)
Scrolls
 h - 2 scrolls of teleportation {unknown}
 j - a scroll of fog {unknown}
 k - a scroll of immolation {unknown}
 l - a scroll of identify {unknown}
 m - a scroll of blinking {unknown}
Potions
 i - 2 potions of lignification {unknown}
Comestibles
 g - 4 rations


   Skills:
 + Level 2.3 Fighting
 * Level 3.1 Short Blades
 - Level 2.1 Throwing
 + Level 1.5 Dodging
 + Level 5.7 Stealth


You had one spell level left.
You didn't know any spells.
Your spell library was empty.

Dungeon Overview and Level Annotations

Branches:
Dungeon (2/15)

Altars:


Innate Abilities, Weirdness & Mutations

You are small and have problems with some larger weapons.
You are carnivorous and can eat meat at any time.


Message History

The hobgoblin barely misses you.
You closely miss the hobgoblin. You hit the hobgoblin.
The hobgoblin is poisoned.
The hobgoblin is moderately wounded.
The hobgoblin closely misses you.
You hit the hobgoblin but do no damage.
The hobgoblin looks as sick as possible!
The hobgoblin is severely wounded.
You kill the hobgoblin!
A gnoll comes into view. It is wielding a +0 halberd.
The gnoll hits you with a +0 flail!
There is a stone staircase leading up here.
You barely miss the gnoll. You hit the gnoll but do no damage.
The gnoll is poisoned.
The gnoll hits you with a +0 flail!
* * * LOW HITPOINT WARNING * * *
You are too injured to fight recklessly!
The gnoll misses you.
The gnoll hits you from afar with a +0 halberd.
You die...

...# #
#..# #.
#..#
#..###..#
..g...##
.g...
#g.# #.@#
#..# #.)#
#...
#####


You could see 3 gnolls.

Vanquished Creatures
  A dart slug (D:1)
  A leopard gecko (D:1)
  2 goblins (D:1)
  2 hobgoblins
  A jackal (D:1)
  3 kobolds (D:1)
  A rat (D:1)
11 creatures vanquished.

Notes
Turn   | Place    | Note
-------+----------+-------------------------------------------
     0 | D:1      | Borgoz the Kobold Assassin began the quest for the Orb.
     0 | D:1      | Reached XP level 1. HP: 12/12 MP: 1/1
   123 | D:1      | Reached XP level 2. HP: 17/17 MP: 2/2
  1024 | D:2      | Slain by a gnoll

Vault maps used:
D:1:      matt_arrival_diagonals, minmay_tetromino_l2
D:2:      grunt_decor_fettered, uniq_jessica, uniq_natasha

Skill      XL: |  1  2 |
---------------+-------+-----
Short Blades   | 3 |  3.1
Fighting       | |  2.3
Throwing       | |  2.1
Dodging        | |  1.5
Stealth        | |  5.7

Action                   || total
-------------------------++-------
Melee: Dagger            ||    35
 Stab: Sleeping          ||     5
  Eat: Chunk             ||     5
Armor: Robe              ||     4
Dodge: Dodged            ||    17

Table legend:
 A = Non-vault XP
 B = Vault XP
 C = Vault XP percentage of total XP
 D = Non-vault monster count
 E = Vault monster count
 F = Vault count percentage of total count
                 A         B        C        D         E       F
            +---------+---------+-------+---------+---------+-------
      Total |      20 |       2 |   9.1 |      10 |       1 |   9.1
            +---------+---------+-------+---------+---------+-------
        D:1 |      18 |       2 |  10.0 |       9 |       1 |  10.0
        D:2 |       2 |       0 |   0.0 |       1 |       0 |   0.0
            +---------+---------+-------+---------+---------+-------
